 Dungeon Crawl Stone Soup version 0.26-a0-1181-gd376ed14c5 (webtiles) character file.

Game seed: 5975320430012797070

16342 runemasterragnar the Covert (level 12, -5/76 HPs)
             Began as a Kobold Hunter on Dec 26, 2020.
             Was a High Priest of Okawaru.
             Shot with an arrow by Nessos (21 damage)
             ... on level 5 of the Lair of Beasts.
             The game lasted 00:22:44 (14163 turns).

runemasterragnar the Covert (Kobold Hunter)        Turns: 14163, Time: 00:22:45

Health: -5/76      AC: 15    Str: 10    XL:     12   Next: 69%
Magic:  16/17      EV: 28    Int: 12    God:    Okawaru [*****.]
Gold:   438        SH:  0    Dex: 20    Spells: 11/11 levels left

rFire    . . .     SeeInvis +   P - +5 triple crossbow
rCold    . . .     Faith    .   (shield currently unavailable)
rNeg     . . .     Spirit   .   c - +0 leather armour
rPois    +         Reflect  .   f - +0 hat {SInv}
rElec    .         Harm     .   J - +2 cloak {rPois}
rCorr    .         Rampage  .   j - +0 pair of gloves {archery}
Will     .....                  N - +2 pair of boots
Stlth    +++++++...             (no amulet)
HPRegen  0.22/turn              O - +4 ring of protection
MPRegen  0.15/turn              t - +4 ring of slaying

@: lethally poisoned (-5 -> -10), heroism
A: small, nightstalker 3
a: Renounce Religion, Heroism, Finesse


You were on level 5 of the Lair of Beasts.
You worshipped Okawaru.
Okawaru was extremely pleased with you.
You visited 3 branches of the dungeon, and saw 16 of its levels.

You collected 599 gold pieces.
You spent 161 gold pieces at shops.

Inventory:

Hand Weapons
 a - a +1 hand crossbow
 b - a +0 short sword
 i - a +2 scimitar of flaming
 p - the +5 arbalest "Loru" {freeze, rPois rC+ Str-5}
   (Okawaru gifted it to you on level 4 of the Lair of Beasts)

   It causes projectiles fired from it to freeze those they strike, causing
   extra injury to most foes and up to half again as much damage against
   particularly susceptible opponents.
   They can also slow down cold-blooded creatures.
   It affects your strength (-5).
   It protects you from cold.
   It protects you from poison.
 A - the +4 dagger of Plunder {vamp, rC+ Will+ Int+3}
   (You found it on level 5 of the Dungeon)

   It inflicts no extra harm, but heals its wielder when it wounds a living foe.
   It affects your intelligence (+3).
   It protects you from cold.
   It affects your willpower, your defense against some magical effects.
 P - a +5 triple crossbow (weapon)
Missiles
 d - 204 bolts (quivered ammo)
Armour
 c - a +0 leather armour (worn)
 f - a +0 hat of see invisible (worn)
 g - a +2 robe of willpower
 j - a +0 pair of gloves of archery (worn)
 w - a +2 robe of cold resistance
 J - a +2 cloak of poison resistance (worn)
 M - a +0 robe of resistance
 N - a +2 pair of boots (worn)
Magical Staves
 C - an uncursed staff of poison {unknown}
Jewellery
 n - an uncursed ring of ice
 q - an uncursed ring of flight
 s - an uncursed ring of magical power
 t - a +4 ring of slaying (right hand)
 y - an uncursed amulet of the acrobat
 B - an uncursed ring of protection from cold
 L - an uncursed ring of wizardry
 O - a +4 ring of protection (left hand)
Wands
 k - a wand of enslavement (8)
 l - a wand of random effects (25)
Scrolls
 h - 3 scrolls of teleportation
 r - a scroll of vulnerability
 x - a scroll of fog
 D - 4 scrolls of remove curse
 F - 2 scrolls of amnesia
 G - 4 scrolls of blinking
 H - a scroll of fear
Potions
 m - 2 potions of might
 o - a potion of brilliance
 v - 2 potions of invisibility {unknown}
 z - 5 potions of attraction
 E - a potion of flight {unknown}
 I - a potion of heal wounds
 K - 4 potions of curing {unknown}
Miscellaneous
 u - a phial of floods


   Skills:
 + Level 9.6(14.6) Fighting
 + Level 11.2(16.2) Crossbows
 + Level 10.4(15.4) Dodging
 + Level 11.8(16.8) Stealth
 + Level 7.0 Invocations
 + Level 9.8 Evocations


You had 11 spell levels left.
You didn't know any spells.
Your spell library contained the following spells:

 Spells                   Type           Power        Failure   Level
 Corona                   Hex            0%           41%         1
 Summon Small Mammal      Summ           0%           41%         1
 Call Imp                 Summ           0%           54%         2
 Ensorcelled Hibernation  Hex/Ice        0%           54%         2
 Slow                     Hex            0%           54%         2
 Call Canine Familiar     Summ           0%           78%         3
 Confusing Touch          Hex            0%           78%         3
 Dazzling Flash           Conj/Hex       0%           78%         3
 Gell's Gravitas          Tloc           0%           78%         3
 Inner Flame              Hex/Fire       0%           78%         3
 Portal Projectile        Hex/Tloc       0%           78%         3
 Summon Guardian Golem    Hex/Summ       0%           78%         3
 Tukima's Dance           Hex            0%           78%         3
 Cause Fear               Hex            0%           99%         4
 Leda's Liquefaction      Hex/Erth       0%           99%         4
 Petrify                  Tmut/Erth      0%           99%         4
 Summon Ice Beast         Ice/Summ       0%           99%         4
 Summon Lightning Spire   Summ/Air       0%           99%         4
 Metabolic Englaciation   Hex/Ice        0%           100%        5
 Yara's Violent Unravell  Hex/Tmut       0%           100%        5


Dungeon Overview and Level Annotations

Branches:
Dungeon (9/15)             Temple (1/1) D:7            Lair (6/6) D:8
 Shoals (0/4) Lair:2       Spider (0/4) Lair:2
  Slime: Lair:5-6       Orc: D:9-12

Altars:
Ashenzari
Dithmenos
Fedhas
Gozag
Hepliaklqana
Kikubaaqudgha
Makhleb
Okawaru
Qazlal
Ru
Sif Muna
Trog
Vehumet
Wu Jian
Xom
Yredelemnul
Zin
The Shining One

Shops:
D:4 [   D:5 =   D:6 :

Annotations:
D:7 1 runed translucent door, bronco's ghost, novice TeFE
Lair:5 Nessos


Innate Abilities, Weirdness & Mutations

You are small and have problems with some larger weapons.
You are completely attuned to the shadows.


Message History

Press: ? - help, Q - select action, (/) - cycle Shift-Dir - straight line, f/p - Nessos
Aim: Nessos, wielding a +3 longbow of flaming, wearing a +0 barding of flying and quivering 13 arrows (severely wounded, fast)
You shoot a bolt. The bolt hits Nessos!
Nessos is almost dead.
You feel sick.
You hear a bellow!
Nessos shoots an arrow.
The arrow misses you.
Nessos shoots an arrow.
The arrow hits you!
* * * LOW HITPOINT WARNING * * *
The arrow burns you.
* * * LOW HITPOINT WARNING * * *
Unknown command.
Fire: 205 bolts
Press: ? - help, Q - select action, (/) - cycle Shift-Dir - straight line, f/p - Nessos
Aim: Nessos, wielding a +3 longbow of flaming, wearing a +0 barding of flying and quivering 11 arrows (almost dead, fast)
You shoot a bolt. The bolt barely misses Nessos.
You feel sick.
Nessos shoots an arrow.
The arrow barely misses you.
Nessos shoots an arrow.
The arrow misses you.
Nessos shoots an arrow.
The arrow hits you!!
You die...

#.......##
#..#
#.###..###
##.##
...###...#
##..#
........##
#..##
...P...##
####
...#...#
##+#..##
#.....##
.....#@#
........Y..
...⌠c#.....
.....#.#...
(. (.##.#


You could see Nessos (fast) and a yak.

Vanquished Creatures
  A hydra (Lair:4)
  A boulder beetle (Lair:4)
  Erica (D:9)
  A two-headed ogre (D:8)
  Pikel (D:7)
  5 elephants (Lair:4)
  3 black mambas
  A torpor snail (Lair:4)
  A rime drake (Lair:3)
  5 komodo dragons
  2 polar bears (Lair:5)
  2 jumping spiders (Lair:2)
  A hornet (D:8)
  2 dream sheep (Lair:4)
  Sigmund (D:5)
  3 wyverns
  A basilisk (Lair:3)
  Eustachio (D:5)
  5 yaks (Lair:3)
  Menkaure (D:5)
  Duvessa (D:4)
  8 water moccasins
  A black bear (D:8)
  2 orc warriors
  An ice beast (D:6)
  2 sky beasts
  3 phantoms
  8 wolves
  7 ogres
  3 centaurs
  A big kobold (D:7)
  3 lemures (D:7)
  6 bullfrogs
  A gnoll sergeant (D:7)
  Dowan (D:4)
  A water moccasin zombie (D:7)
  5 scorpions
  A wyvern skeleton (D:7)
  A water moccasin skeleton (D:6)
  9 wights
  A bullfrog zombie (D:7)
  4 hounds
  4 orc wizards
  A centaur zombie (D:5)
  2 orc priests (D:8)
  Jessica (D:3)
  A bullfrog skeleton (D:6)
  4 worker ants
  2 hound zombies
  3 hound skeletons
  8 gnolls (D:7)
  10 adders
  A white imp (D:5)
  An ufetubus (D:7)
  An ooze (D:1)
  An adder skeleton (D:6)
  3 adder zombies
  2 worms
  3 dart slugs
  4 leopard geckos
  24 orcs
  2 ball pythons
  7 bats
  5 giant cockroaches
  5 goblins
  12 hobgoblins
  3 jackals (D:6)
  26 kobolds
  6 quokkas
  3 frilled lizards
  A leopard gecko zombie (D:6)
  A quokka skeleton (D:8)
  A quokka zombie (D:7)
  4 rats
261 creatures vanquished.

Vanquished Creatures (collateral kills)
  3 wolves (Lair:2)
3 creatures vanquished.

Vanquished Creatures (others)
  A wizard (D:8)
  2 wolves (Lair:2)
  28 fungi
  69 plants
100 creatures vanquished.

Grand Total: 364 creatures vanquished

Notes
Turn   | Place    | Note
-------+----------+-------------------------------------------
     0 | D:1      | runemasterragnar the Kobold Hunter began the quest for the
                  | Orb.
     0 | D:1      | Reached XP level 1. HP: 12/12 MP: 1/1
   221 | D:1      | Reached XP level 2. HP: 8/18 MP: 2/2
   470 | D:1      | Reached skill level 5 in Crossbows
   676 | D:1      | Reached XP level 3. HP: 22/22 MP: 3/3
  1593 | D:2      | Reached XP level 4. HP: 14/27 MP: 4/4
  1960 | D:2      | Found a faded altar of an unknown god.
  2152 | D:3      | Reached skill level 1 in Evocations
  2428 | D:3      | Reached XP level 5. HP: 32/32 MP: 5/5
  3202 | D:3      | Found a shimmering blue altar of Sif Muna.
  3202 | D:3      | Found a basalt altar of Yredelemnul.
  3202 | D:3      | Noticed Jessica
  3203 | D:3      | Killed Jessica
  3218 | D:3      | Found a sacrificial altar of Ru.
  3221 | D:3      | Found a shadowy altar of Dithmenos.
  3225 | D:3      | Found an ornate altar of the Wu Jian Council.
  3239 | D:3      | Found a stormy altar of Qazlal.
  3445 | D:4      | Reached XP level 6. HP: 32/37 MP: 6/6
  3485 | D:4      | HP: 1/38 [poisoned by an orc wizard]
  3643 | D:4      | Noticed Duvessa
  3643 | D:4      | Noticed Dowan
  3656 | D:4      | Killed Duvessa
  3657 | D:4      | Reached XP level 7. HP: 43/43 MP: 7/7
  3660 | D:4      | Killed Dowan
  3854 | D:4      | Found Xeuthres's Armour Shop.
  3858 | D:4      | Bought a +0 pair of gloves of archery for 161 gold pieces
  3875 | D:4      | Reached skill level 5 in Stealth
  4005 | D:4      | Found a burning altar of Makhleb.
  4369 | D:5      | Entered Level 5 of the Dungeon
  4369 | D:5      | Noticed Sigmund
  4496 | D:5      | Killed Sigmund
  4497 | D:5      | Reached skill level 5 in Dodging
  4497 | D:5      | Reached XP level 8. HP: 34/48 MP: 8/8
  4785 | D:5      | Noticed Eustachio
  4793 | D:5      | Killed Eustachio
  4881 | D:5      | Reached skill level 5 in Fighting
  4993 | D:5      | Found Fiuganea's Jewellery Emporium.
  5135 | D:5      | Noticed Menkaure
  5138 | D:5      | Killed Menkaure
  5228 | D:5      | Got an iridescent dagger
  5229 | D:5      | Identified the +4 dagger of Plunder {vamp, rC+ Will+ Int+3}
                  | (You found it on level 5 of the Dungeon)
  5838 | D:6      | Reached skill level 5 in Evocations
  5838 | D:6      | Reached XP level 9. HP: 54/54 MP: 9/9
  6065 | D:6      | Found Ogapyucw's Book Emporium.
  6889 | D:7      | Found a runed translucent door.
  6904 | D:7      | Found a staircase to the Ecumenical Temple.
  6910 | Temple   | Entered the Ecumenical Temple
  6958 | Temple   | Became a worshipper of Warmaster Okawaru
  6987 | D:7      | Found a shimmering altar of Xom.
  6987 | D:7      | Noticed bronco's ghost (novice TeFE)
  7060 | D:7      | Reached skill level 1 in Invocations
  7131 | D:7      | Noticed Pikel
  7149 | D:7      | Killed Pikel
  7149 | D:7      | Reached * piety under Okawaru
  7150 | D:7      | Reached XP level 10. HP: 46/61 MP: 9/11
  7385 | D:7      | Noticed a +2 long sword of chaos
  8255 | D:8      | Found a staircase to the Lair.
  8273 | D:8      | Reached ** piety under Okawaru
  8824 | D:8      | Noticed a two-headed ogre
  8831 | D:8      | Killed a two-headed ogre
  8831 | D:8      | Reached *** piety under Okawaru
  9054 | D:8      | Found a bloodstained altar of Trog.
  9057 | D:8      | Noticed a wizard
  9070 | D:8      | Killed a wizard
  9230 | D:9      | Noticed Erica
  9255 | D:9      | Found an opulent altar of Gozag.
  9514 | D:9      | Killed Erica
  9515 | D:9      | Reached XP level 11. HP: 68/68 MP: 12/14
  9540 | D:9      | Reached **** piety under Okawaru
  9701 | Lair:1   | Entered Level 1 of the Lair of Beasts
  9704 | Lair:1   | Reached skill level 10 in Stealth
  9894 | Lair:1   | Gained mutation: You are frail. (-10% HP) [potion of
                  | mutation]
  9894 | Lair:1   | Lost mutation: You are frail. (-10% HP) [potion of
                  | mutation]
 10922 | Lair:2   | Reached skill level 5 in Invocations
 10932 | Lair:2   | Reached skill level 10 in Crossbows
 11006 | Lair:2   | Reached ***** piety under Okawaru
 11024 | Lair:2   | Found the +8 frozen axe "Frostbite" {freezing cloud, *Noise
                  | +Fly rC+}
 11043 | Lair:2   | Found a hole to the Spider Nest.
 11318 | Lair:2   | Found a staircase to the Shoals.
 11390 | Lair:2   | Noticed a boulder beetle
 11495 | Lair:3   | Received a gift from Okawaru
 11534 | Lair:3   | Received a gift from Okawaru
 12060 | Lair:3   | Noticed an elephant
 12066 | Lair:3   | Noticed an elephant
 12068 | Lair:3   | You fall into a shaft and drop 1 floor!
 12165 | Lair:4   | Noticed a boulder beetle
 12187 | Lair:4   | Killed a boulder beetle
 12187 | Lair:4   | Received a gift from Okawaru
 12188 | Lair:4   | Got a slimy arbalest {god gift}
 12189 | Lair:4   | Identified the +5 arbalest "Loru" {freeze, rPois rC+ Str-5}
                  | (Okawaru gifted it to you on level 4 of the Lair of Beasts)
 12453 | Lair:4   | Reached XP level 12. HP: 40/75 MP: 16/16
 12677 | Lair:4   | Noticed a seven-headed hydra
 12683 | Lair:4   | Killed a seven-headed hydra
 12817 | Lair:4   | Reached skill level 10 in Dodging
 12835 | Lair:4   | Received a gift from Okawaru
 12908 | Lair:4   | Identified a scroll of acquirement
 12908 | Lair:4   | Acquired a +0 hat of see invisible
 13586 | Lair:4   | You fall into a shaft and drop 2 floors!
 13586 | Lair:6   | Entered Level 6 of the Lair of Beasts
 14156 | Lair:5   | Noticed Nessos
 14163 | Lair:5   | Shot with an arrow by Nessos

Illustrated notes

Levels and vault maps discovered:
D:1:      lightli_arrival_flooded_house, layout_basic, glass_columns_a
D:2:      layout_basic, chequers_ecumenical_altar_grove
D:3:      layout_loops_corners, minmay_overflow_temple_hex,
          chequers_serial_rivers_micro_d, minmay_stone_trees_large, uniq_jessica
D:4:      layout_loops_cross, lemuel_crystal_altar, serial_shops, shop,
          uniq_crazy_yiuf_cottage, uniq_duvessa
D:5:      layout_gridville, serial_shops, kennysheep_mini_moat, uniq_sigmund,
          uniq_menkaure, uniq_eustachio
D:6:      layout_loops_ring, serial_shops, nicolae_shop_trees
D:7:      kennysheep_kobold_camp, layout_basic, minmay_temple_entry_waves,
          ebering_ghost_xom, grunt_ministairs_8, uniq_pikel
D:8:      layout_loops_cross, dpeg_oklobed_lair, trog_wizard
D:9:      layout_roguey, basic_altar, uniq_erica
Temple:   eino_wide_crystal_templ
Lair:1:   layout_hall_layers, grunt_megastairs_4
Lair:2:   layout_long_grid, shoals_dummy_entry, spider_nest_entry_a,
          serial_rivers, chequers_serial_rivers_large_a,
          chequers_serial_rivers_micro_e, chequers_serial_rivers_micro_c,
          chequers_serial_rivers_room_b, chequers_serial_rivers_micro_e,
          serial_bayou_shore_b
Lair:3:   layout_regular_city
Lair:4:   layout_loops_ring, minmay_lair_oklob_chamber, serial_bayou_shore_a
Lair:5:   layout_loops_ring, slime_altar_2, grunt_megastairs_1,
          infiniplex_staircase_pool_2, lemuel_fruit_fields, lemuel_fruit_tree,
          uniq_nessos
Lair:6:   wormcave, layout_cave_pods, hangedman_lair_tendril_chambers,
          basic_altar

Skill      XL: |  1  2  3  4  5  6  7  8  9 10 11 12 |
---------------+-------------------------------------+-----
Crossbows      | 5 6 7 8 9 10 11 | 11.2
Stealth        | 2 3 4 5 6 8 9 11 | 11.8
Dodging        | 3 4 5 6 7 8 9 10 | 10.4
Fighting       | 3 4 5 6 7 8 9 |  9.6
Evocations     | 1 2 3 5 6 7 9 |  9.8
Invocations    | 2 4 5 7 |  7.0

Action                   |  1- 3 |  4- 6 |  7- 9 | 10-12 || total
-------------------------+-------+-------+-------+-------++-------
Melee: Dagger            |       |       |    11 |   159 ||   170
 Fire: Hand crossbow     |    63 |    97 |   227 |   245 ||   632
       Arbalest          |       |       |       |    35 ||    35
       Triple crossbow   |       |       |       |    57 ||    57
Invok: Heroism           |       |       |       |     2 ||     2
Evoke: Wand              |       |     1 |     2 |    14 ||    17
  Use: Scroll            |       |     7 |     5 |    14 ||    26
       Potion            |       |     5 |       |     5 ||    10
 Stab: Sleeping          |       |       |       |     9 ||     9
       Paralysed         |       |       |       |     3 ||     3
       Confused          |       |       |       |     4 ||     4
Armor: Leather armour    |     6 |     5 |    14 |    59 ||    84
       Skin              |       |     9 |     2 |    22 ||    33
Dodge: Dodged            |    21 |    23 |    81 |   382 ||   507

Table legend: (Time is in decaauts)
 A = Elapsed time spent in this place.
 B = Non-inter-level travel time spent in this place.
 C = Inter-level travel time spent in this place.
 D = Time resting spent in this place.
 E = Time spent auto-exploring this place.
 F = Levels seen in this place.
 G = Mean time per level.
                   A        B        C        D        E       F      G
               +--------+--------+--------+--------+--------+-----+--------+
         Total |  14306 |  13997 |    309 |   1794 |  10039 |  16 |  894.1 |
       Dungeon |   9720 |   9452 |    268 |    702 |   7384 |   9 | 1080.0 |
        Temple |     61 |     48 |     13 |      0 |     45 |   1 |   61.0 |
          Lair |   4524 |   4497 |     27 |   1092 |   2610 |   6 |  754.0 |
               +--------+--------+--------+--------+--------+-----+--------+

Top non-repeatable levels by time:
     D:7: 1745 daAuts
  Lair:4: 1553 daAuts
  Lair:1: 1280 daAuts
     D:3: 1248 daAuts
     D:5: 1215 daAuts
     D:1: 1171 daAuts
     D:8: 1103 daAuts
     D:4: 1091 daAuts
     D:2: 959 daAuts
     D:6: 821 daAuts
  Lair:3: 612 daAuts
  Lair:2: 477 daAuts
  Lair:6: 439 daAuts
     D:9: 362 daAuts
  Lair:5: 161 daAuts
